 Dungeon Crawl Stone Soup version 0.31-a0-744-gbc345e7 (webtiles) character file.

Game seed: 11524596458441359178

14310 BarneyGumball the Slicer (level 11, -10/85 HPs)
             Began as a Demonspawn Ice Elementalist on Sept 13, 2023.
             Was an Initiate of Gozag.
             Mangled by a bone dragon (13 damage)
             ... on level 1 of the Abyss.
             The game lasted 00:52:28 (10050 turns).

BarneyGumball the Slicer (DsIE)                    Turns: 10050, Time: 00:52:28

Health: -10/85     AC: 16    Str: 10    XL:     11   Next: 87%
Magic:  9/20       EV: 11    Int: 19    God:    Gozag
Gold:   1325       SH:  4    Dex: 14    Spells: 13/22 levels left

rFire   . . .        H - +1 short sword (elec)
rCold   . . .        (no shield)
rNeg    . . .        D - +4 ring mail
rPois   .            (no helmet)
rElec   .            (no cloak)
rCorr   .            (no gloves)
SInv    .            (no boots)
Will    .....        E - amulet of regeneration
Stlth   ++           j - +4 ring of slaying
HPRegen 1.14/turn    F - ring of flight
MPRegen 0.17/turn

%: no passive effects
@: ice-armoured, about to teleport, flying
A: rugged brown scales 2, condensation shield, demonic touch 2
a: Renounce Religion, Potion Petition, Call Merchant, Bribe Branch


You were on level 1 of the Abyss.
You worshipped Gozag.
Gozag was most pleased with you.
You visited 2 branches of the dungeon, and saw 10 of its levels.
You visited the Abyss 1 time.
You also visited: Sewer and Bailey.

You collected 1395 gold pieces.
You paid 70 gold pieces to Gozag.

Inventory:

Hand Weapons
 m - a +1 dagger of venom
 H - a +1 short sword of electrocution (weapon)
Missiles
 B - 2 poisoned darts (quivered)
Armour
 a - a +0 robe
 D - a +4 ring mail (worn)
Jewellery
 j - a +4 ring of slaying (left hand)
 E - an amulet of regeneration (around neck)
 F - a ring of flight (right hand)
Talismans
 c - a granite talisman
Wands
 g - a wand of quicksilver (4)
 n - a wand of paralysis (6)
 K - a wand of roots (9)
Scrolls
 d - 5 scrolls of teleportation
 e - a scroll of noise {unknown}
 h - 3 scrolls of fear {unknown}
 o - 4 scrolls of enchant weapon {unknown}
 p - a scroll of amnesia {unknown}
 q - a scroll of silence {unknown}
 r - 4 scrolls of revelation {unknown}
 u - a scroll of torment {unknown}
 x - 2 scrolls of fog {unknown}
 y - 4 scrolls of poison
 z - a scroll of identify
 C - 2 scrolls of butterflies {unknown}
 I - a scroll of blinking {unknown}
Potions
 b - 2 potions of magic
 i - 4 potions of lignification
 k - a potion of invisibility
 l - 4 potions of brilliance
 v - a potion of mutation {unknown}
 w - a potion of haste
 A - 3 potions of cancellation
 G - a potion of berserk rage


   Skills:
 + Level 6.2 Fighting
 - Level 10.0 Short Blades
 - Level 7.0 Armour
 + Level 3.2 Dodging
 - Level 4.0 Stealth
 - Level 6.0 Spellcasting
 - Level 6.0 Transmutations
 - Level 7.0 Ice Magic
 - Level 0.5 Earth Magic


You had 13 spell levels left.
You knew the following spells:

 Your Spells              Type           Power      Damage    Failure   Level
a - Freeze                Ice            100%       1d10      1%          1
b - Frozen Ramparts       Ice            64%        1d10      4%          3
c - Ozocubu's Armour      Ice            32%        N/A       4%          3
d - Wereblood             Tmut           28%        N/A       3%          2

Your spell library contained the following spells:

 Spells                   Type           Power      Damage    Failure   Level
 Passwall                 Tmut/Erth      15%        N/A       10%         2
 Sandblast                Erth           14%        2d6       21%         1
 Sublimation of Blood     Necr           5%         N/A       36%         2
 Summon Ice Beast         Ice/Summ       19%        N/A       52%         4
 Stone Arrow              Conj/Erth      12%        3d7       56%         3
 Gell's Gravitas          Tloc           5%         N/A       58%         3
 Teleport Other           Tloc           5%         N/A       58%         3
 Tukima's Dance           Hex            5%         N/A       58%         3
 Animate Armour           Summ/Erth      12%        N/A       92%         4
 Dimensional Bullseye     Hex/Tloc       2%         N/A       94%         4
 Iskenderun's Mystic Bla  Conj/Tloc      5%         2d3       94%         4
 Summon Lightning Spire   Summ/Air       5%         N/A       94%         4
 Lee's Rapid Deconstruct  Erth           3%         3d5*      99%         5
 Dispersal                Tloc           2%         N/A       100%        6
 Summon Hydra             Summ           2%         N/A       100%        7


Dungeon Overview and Level Annotations

Branches:
Dungeon (9/15)             Temple (1/1) D:5           Sewer (visited)
 Bailey (visited)
   Lair: D:8-11         Orc: D:9-12

Altars:
Ashenzari
Cheibriados
Dithmenos
Fedhas
Gozag
Hepliaklqana
Kikubaaqudgha
Nemelex Xobeh
Okawaru
Ru
Sif Muna
Trog
Uskayaw
Vehumet
Wu Jian
Xom
Yredelemnul

Shops:
D:2 ?   D:3 =

Annotations:
D:8 2 transporters, Psyche; Radamante's ghost, novice OgFE
D:9 Erolcha


Innate Abilities, Weirdness & Mutations

You are mostly covered in rugged brown scales. (AC +2, +5% HP)
A meltable shield of frost defends you. (SH +4)
Your touch may inflict irresistible damage on your foes.


Message History

You hit the bone dragon but do no damage.
The bone dragon is lightly damaged.
The wall freezes the bone dragon but does no damage.
The bone dragon bites you!
* * * LOW HITPOINT WARNING * * *
The bone dragon barely misses you.
The bone dragon tramples you but does no damage.
You feel better.
The wall freezes the bone dragon but does no damage.
The bone dragon bites you but does no damage.
The bone dragon claws you but does no damage.
You block the bone dragon's attack.
You hit the bone dragon.
The bone dragon is lightly damaged.
Your primal bloodlust has ended.
You hit the bone dragon but do no damage.
The bone dragon is lightly damaged.
The wall freezes the bone dragon but does no damage.
The bone dragon bites you!
* * * LOW HITPOINT WARNING * * *
The bone dragon misses you. The bone dragon tramples you!
* * * LOW HITPOINT WARNING * * *
You hold your ground!
You feel better.
The wall freezes the bone dragon but does no damage.
The bone dragon bites you but does no damage.
The bone dragon claws you but does no damage.
The bone dragon tramples you but does no damage.
Press: ? - help, v - describe, . - travel
Here: a bone dragon (lightly damaged)
The floor.
Okay, then.
The air fills with toxic fumes!
As you read the scroll labelled GITRAMO SIUFYQ, it crumbles to dust.
It was a scroll of poison.
The frozen ramparts melt away.
The bone dragon bites you!
* * * LOW HITPOINT WARNING * * *
The bone dragon claws you!
You die...
Your body crumbles into a pile of gold.

## ######.
#@§§§#.##
##D§§§§§###.
##§§§#§§..
#§§#§§###
###§§#§.#
#§§§##.
##§#§ ## #
###.....##
#.. ..## ##


You could see a bone dragon.

Vanquished Creatures
  An orc warlord (Bailey)
  Pikel (D:4)
  2 starcursed masses (Abyss:1)
  A smoke demon (Abyss:1)
  Prince Ribbit (D:8)
  Grinder (D:5)
  Sigmund (D:5)
  A wraith (D:9)
  A wyvern (D:8)
  Menkaure (D:5)
  A small abomination (Abyss:1)
  3 water moccasins
  9 orc warriors
  A black bear (D:7)
  4 ice beasts
  3 ogres (D:6)
  2 centaurs
  2 lemures (D:4)
  A kobold brigand (D:6)
  3 bullfrogs
  A gnoll sergeant (D:9)
  2 scorpions
  5 wights (D:8)
  10 killer bees
  2 howler monkeys
  2 hounds
  4 jellies
  5 orc priests
  A gnoll bouda (D:5)
  A sleepcap (D:7)
  8 iguanas
  5 orc wizards
  Natasha (thrice) (D:2)
  Robin (D:4)
  11 gnolls
  13 adders
  3 river rats (Sewer)
  4 shadow imps
  2 white imps
  2 ufetubi (D:6)
  4 worms
  2 dart slugs
  34 orcs
  3 bats
  5 endoplasms
  4 giant cockroaches
  20 goblins
  13 hobgoblins
  11 jackals (D:1)
  19 kobolds
  9 quokkas
  13 ball pythons
  10 frilled lizards
  19 rats
291 creatures vanquished.

Notes
Turn   | Place    | Note
-------+----------+-------------------------------------------
     0 | D:1      | BarneyGumball the Demonspawn Ice Elementalist began the
                  | quest for the Orb.
     0 | D:1      | Reached XP level 1. HP: 13/13 MP: 3/3
   171 | D:1      | Gained mutation: Your touch may inflict minor irresistible
                  | damage on your foes. [demonic ancestry]
   171 | D:1      | Reached XP level 2. HP: 19/19 MP: 3/5
   529 | D:1      | Gained mutation: A meltable shield of frost defends you.
                  | (SH +4) [demonic ancestry]
   529 | D:1      | Reached XP level 3. HP: 24/24 MP: 6/6
   837 | D:1      | Learned a level 3 spell: Frozen Ramparts
  1009 | D:2      | Reached skill level 5 in Ice Magic
  1100 | D:2      | Reached XP level 4. HP: 23/30 MP: 4/7
  1186 | D:2      | Noticed Natasha
  1192 | D:2      | Killed Natasha
  1360 | D:2      | Found Xasis's Magic Scroll Shop.
  1501 | D:2      | Noticed Natasha
  1507 | D:2      | Killed Natasha
  1508 | D:2      | Gained mutation: Your touch may inflict irresistible damage
                  | on your foes. [demonic ancestry]
  1508 | D:2      | Reached XP level 5. HP: 29/35 MP: 4/8
  1561 | D:2      | Noticed Natasha
  1572 | D:2      | Killed Natasha
  2086 | D:2      | Learned a level 3 spell: Ozocubu's Armour
  2110 | D:3      | Found a shadowy altar of Dithmenos.
  2458 | D:3      | Found Xaalob's One-of-a-Kind Rings.
  2503 | D:3      | Reached XP level 6. HP: 27/42 MP: 2/9
  2511 | D:3      | Reached skill level 1 in Fighting
  3139 | D:4      | Noticed Pikel
  3154 | D:4      | Killed Pikel
  3155 | D:4      | Reached skill level 4 in Short Blades
  3155 | D:4      | Gained mutation: You are partially covered in rugged brown
                  | scales. (AC +1, +3% HP) [demonic ancestry]
  3155 | D:4      | Reached XP level 7. HP: 42/53 MP: 1/10
  3280 | D:4      | Found a glowing drain.
  3298 | Sewer    | Entered a sewer
  3698 | D:4      | Found a basalt altar of Yredelemnul.
  3767 | D:4      | Noticed Robin
  3781 | D:4      | Killed Robin
  3782 | D:4      | Reached XP level 8. HP: 55/59 MP: 4/11
  3915 | D:4      | Reached skill level 5 in Short Blades
  3971 | D:4      | Found a sparkling altar of Nemelex Xobeh.
  4223 | D:5      | Entered Level 5 of the Dungeon
  4223 | D:5      | Noticed Sigmund
  4447 | D:5      | Found a staircase to the Ecumenical Temple.
  4453 | Temple   | Entered the Ecumenical Temple
  4467 | Temple   | Became a worshipper of Gozag Ym Sagoz the Greedy
  4485 | D:5      | You fall into a shaft and drop 1 floor!
  4867 | D:6      | Reached skill level 6 in Short Blades
  5061 | D:6      | Reached skill level 7 in Short Blades
  5151 | D:6      | Reached skill level 8 in Short Blades
  5151 | D:6      | Gained mutation: You are mostly covered in rugged brown
                  | scales. (AC +2, +5% HP) [demonic ancestry]
  5151 | D:6      | Reached XP level 9. HP: 52/66 MP: 6/12
  5367 | D:5      | Noticed Grinder
  5630 | D:5      | Noticed Menkaure
  5637 | D:5      | Killed Menkaure
  5800 | D:5      | Reached skill level 9 in Short Blades
  5828 | D:5      | Killed Sigmund
  6119 | D:5      | Killed Grinder
  6858 | D:6      | Reached skill level 10 in Short Blades
  7203 | D:7      | Learned a level 2 spell: Wereblood
  7306 | D:7      | Found a snail-covered altar of Cheibriados.
  7371 | D:7      | Found a hazy altar of Hepliaklqana.
  7377 | D:7      | Found a bloodstained altar of Trog.
  7472 | D:7      | Found a blossoming altar of Fedhas.
  7721 | D:7      | Reached skill level 1 in Transmutations
  7742 | D:7      | Reached skill level 1 in Armour
  8158 | D:8      | Noticed a rakshasa
  8200 | D:8      | Noticed a queen bee
  8205 | D:8      | Found a transporter.
  8216 | D:8      | Found a transporter.
  8242 | D:8      | Noticed Radamante's ghost (novice OgFE)
  8565 | D:8      | Reached XP level 10. HP: 73/73 MP: 13/13
  8580 | D:8      | Found a flagged portal.
  8586 | Bailey   | Entered a bailey
  8591 | Bailey   | Noticed an orc warlord
  8745 | Bailey   | Found a runed translucent gate.
  8747 | Bailey   | Found a runed translucent gate.
  8749 | Bailey   | Found a runed translucent gate.
  8976 | Bailey   | Killed an orc warlord
  9063 | D:8      | Found a hide-covered altar of Uskayaw.
  9148 | D:8      | Noticed Prince Ribbit
  9151 | D:8      | Killed Prince Ribbit
  9232 | D:8      | Reached skill level 5 in Armour
  9517 | D:8      | Noticed Psyche
  9835 | D:9      | Reached skill level 5 in Fighting
  9835 | D:9      | Reached skill level 5 in Spellcasting
  9835 | D:9      | Reached skill level 5 in Transmutations
  9835 | D:9      | Reached XP level 11. HP: 47/85 MP: 14/18
  9913 | D:9      | Noticed Erolcha
  9918 | Abyss:1  | Cast into level 1 of the Abyss (Erolcha)
  9992 | Abyss:1  | Noticed a starcursed mass
 10018 | Abyss:1  | Killed a starcursed mass
 10019 | Abyss:1  | Killed a starcursed mass
 10022 | Abyss:1  | Noticed a bone dragon
 10048 | Abyss:1  | HP: 2/85 [bone dragon (10)]
 10050 | Abyss:1  | Mangled by a bone dragon

Illustrated notes

Levels and vault maps discovered:
D:1:      onia_arrival_handbag, layout_basic, dk_noncrumbling_2
D:2:      layout_loops_corners, serial_shops, shop, basic_altar, uniq_natasha
D:3:      layout_loops_ring, grunt_dithmenos_smoke, nicolae_shop_unique_rings
D:4:      layout_basic, mainiacjoe_overflow_tiny_flanked, old_standard_altar,
          general_overflow_altar, portal_sewer_entry_f, uniq_robin, uniq_pikel
D:5:      layout_basic, minmay_temple_entry_hall, minmay_misc_feat_diagonals,
          minmay_misc_feat_pillars, minmay_holes, uniq_sigmund, uniq_grinder,
          uniq_menkaure
D:6:      minmay_chambers_of_threes, layout_layer_cave, st_stairs_13
D:7:      layout_basic, nicolae_overflow_crystal_walls,
          mainiacjoe_overflow_catch_the_wave, fedhas_altar_decomposition,
          hex_intersection
D:8:      cheibrodos_elevator_heist, layout_rooms, elyvilon_altar_3,
          eat_drink_and_be_merry_uskayaw, gammafunk_ghost_hive, enter_bailey_2,
          uniq_psyche, uniq_prince_ribbit1
D:9:      layout_big_octagon, hellmonk_lair_entry_icy,
          minmay_statue_crystal_thing, uniq_erolcha
Temple:   hellmonk_temple_rainy
Abyss:1:  base: D:6, spicy_abyss_unhelpful_harpoons

Skill      XL: |  1  2  3  4  5  6  7  8  9 10 11 |
---------------+----------------------------------+-----
Ice Magic      | 4 5 6 7 |  7.0
Fighting       | 3 5 6 |  6.2
Short Blades   | 4 8 10 | 10.0
Stealth        | 2 4 |  4.0
Dodging        | 2 3 |  3.2
Transmutations | 2 5 6 |  6.0
Armour         | 1 7 |  7.0
Spellcasting   | 5 6 |  6.0
Earth Magic    | |  0.5

Action                     |  1- 3 |  4- 6 |  7- 9 | 10-12 || total
---------------------------+-------+-------+-------+-------++-------
  Melee: Club              |    15 |       |       |       ||    15
         Unarmed           |     1 |       |       |       ||     1
         Dagger            |    55 |   106 |   214 |     6 ||   381
         Touch             |    11 |    16 |    58 |    34 ||   119
         Punch             |     1 |       |     4 |     2 ||     7
         Short sword       |       |       |       |   176 ||   176
  Throw: Dart              |       |       |     4 |     1 ||     5
   Cast: Freeze            |    33 |     3 |     1 |       ||    37
         Frozen Ramparts   |       |     9 |    20 |    16 ||    45
         Ozocubu's Armour  |       |     2 |    15 |    11 ||    28
         Wereblood         |       |       |       |     3 ||     3
    Use: Scroll            |       |       |     9 |     5 ||    14
         Potion            |       |       |       |    13 ||    13
   Stab: Sleeping          |     1 |     1 |    12 |     1 ||    15
         Distracted        |       |       |     2 |     2 ||     4
 Armour: Robe              |    43 |    35 |    70 |       ||   148
         Ring mail         |       |       |    19 |   130 ||   149
  Dodge: Dodged            |    50 |    43 |    68 |    75 ||   236
  Block: Other             |     9 |    11 |    22 |    23 ||    65

Table legend: (Time is in decaauts)
 A = Elapsed time spent in this place.
 B = Non-inter-level travel time spent in this place.
 C = Inter-level travel time spent in this place.
 D = Time resting spent in this place.
 E = Time spent auto-exploring this place.
 F = Levels seen in this place.
 G = Mean time per level.
                   A        B        C        D        E       F      G
               +--------+--------+--------+--------+--------+-----+--------+
         Total |   9894 |   9291 |    603 |    322 |   6592 |  13 |  761.1 |
       Dungeon |   9027 |   8438 |    589 |    252 |   6355 |   9 | 1003.0 |
        Temple |     28 |     14 |     14 |      0 |      0 |   1 |   28.0 |
         Abyss |    114 |    114 |      0 |      0 |      0 |   1 |  114.0 |
         Sewer |    336 |    336 |      0 |     35 |    189 |   1 |  336.0 |
        Bailey |    387 |    387 |      0 |     35 |     48 |   1 |  387.0 |
               +--------+--------+--------+--------+--------+-----+--------+

Top non-repeatable levels by time:
     D:6: 1705 daAuts
     D:4: 1237 daAuts
     D:7: 1210 daAuts
     D:2: 1156 daAuts
     D:1: 933 daAuts
     D:5: 931 daAuts
     D:8: 908 daAuts
     D:3: 721 daAuts
  Bailey: 387 daAuts
   Sewer: 336 daAuts
     D:9: 223 daAuts
 Abyss:1: 114 daAuts
  Temple: 28 daAuts
